Map: Avalon Labs

Players

Blubbel

  • Race: Terran Terran
  • League: Silver

zod

  • Race: Protoss Protoss
  • League: Silver

MasteroP

  • Race: Zerg Zerg

Xtreme

  • Race: Zerg Zerg

Dartveder

  • Race: Protoss Protoss

CoolBreeze

  • Race: Terran Terran
  • League: Gold

VOD

Have the link to the VOD?

Description

Time

  • Played on: Jan. 10, 2016, 8:54 a.m.
  • Length: 10:55
Show
View Real Time Build Order
Export as new Build Order

Blubbel Terran 

Build Orders:  

Get SALT Encoding   

  12  0:01  SCV  
  13  0:13  SCV  
  14  0:24  Supply Depot  
  14  0:30  SCV  
  14  0:33  Refinery  
  15  0:48  Barracks  
  15  0:49  SCV  
  16  1:02  SCV  
  17  1:14  SCV  
  18  1:26  SCV  
  19  1:35  Supply Depot, Marine  
  20  1:43  SCV  
  21  1:55  SCV  
  22  2:22  Marine  
  22  2:28  Barracks  
  23  2:40  Marine  
  23  2:58  Marine  
  22  3:04  SCV  
  24  3:19  Command Center  
  24  3:20  Barracks Reactor  
  24  3:23  Barracks Reactor  
  24  3:29  Factory  
  24  3:49  SCV  
  25  4:01  SCV  
  26  4:03  Command Center  
  26  4:04  Marine x4  
  30  4:21  Marine  
  31  4:28  Orbital Command  
  31  4:29  Supply Depot  
  31  4:31  Marine x2  
  33  4:35  Supply Depot, Refinery  
  27  5:15  Marine x2  
  27  5:16  Marine x2  
  29  5:22  Starport  
  29  5:23  SCV  
  29  5:27  SCV  
  31  5:30  Supply Depot  
  31  5:33  Marine x2  
  31  5:34  Engineering Bay, Marine  
  34  5:35  SCV  
  34  5:39  SCV  
  34  5:48  SCV  
  35  5:51  SCV  
  35  5:53  SCV  
  35  6:00  SCV  
  33  6:05  SCV  
  33  6:06  Marine x2  
  36  6:18  SCV  
  37  6:30  SCV  
  37  6:44  Marine x4  
  41  6:50  Missile Turret  
  41  7:02  Missile Turret, Marine x3  
  44  7:22  Marine x4  
  47  7:27  SCV  
  47  7:39  SCV  
  47  7:40  Marine x2  
  37  7:51  SCV  
  37  7:56  Marine  
  37  7:57  Marine x2  
  41  8:04  SCV  
  42  8:12  Marine  
  43  8:14  Marine x2  
  43  8:15  Marine  
  43  8:16  SCV, Widow Mine  
  43  8:18  Viking  
  51  8:28  SCV  
  51  8:30  Marine  
  51  8:32  Marine x2  
  51  8:33  Marine  
  56  8:40  SCV  
  57  8:44  Widow Mine  
  57  8:48  Viking, Marine  
  60  8:49  Missile Turret  
  60  8:50  Marine x2  
  60  8:51  Marine  
  65  8:58  Missile Turret  
  65  9:02  Missile Turret  
  65  9:05  Marine  
  65  9:08  Marine x2  
  65  9:09  Marine  
  69  9:13  SCV  
  69  9:24  Missile Turret  
  69  9:25  SCV  
  69  9:27  Missile Turret  
  66  9:46  Supply Depot  
  66  9:49  Supply Depot  
  66  9:50  Liberator  
  66  9:56  Supply Depot  
  64  10:07  Marine x2  
  64  10:08  SCV  
  70  10:20  SCV  
  71  10:25  Marine x2  
  73  10:32  SCV  
Show
View Real Time Build Order
Export as new Build Order

zod Protoss 

Build Orders: 1 Gate Expand 

Get SALT Encoding   

  12  0:02  Probe (Chrono Boost)  
  13  0:12  Probe (Chrono Boost)  
  14  0:20  Pylon  
  14  0:23  Probe (Chrono Boost)  
  15  0:38  Probe (Chrono Boost)  
  15  0:41  Gateway  
  16  0:48  Probe (Chrono Boost)  
  16  0:49  Assimilator  
  17  1:07  Probe (Chrono Boost)  
  18  1:20  Pylon  
  18  1:21  Probe (Chrono Boost)  
  19  1:33  Nexus  
  19  1:45  Cybernetics Core  
  19  1:58  Pylon  
  19  2:14  Forge, Zealot  
  21  2:29  Mothership Core (Chrono Boost)  
  23  2:30  Warp Gate  
  23  2:40  Stalker  
  25  2:47  Probe (Chrono Boost)  
  24  3:12  Stalker  
  26  3:17  Gateway  
  26  3:25  Photon Cannon  
  26  3:30  Photon Cannon  
  26  3:43  Pylon  
  26  3:44  Probe (Chrono Boost)  
  26  3:46  Assimilator  
  27  3:48  Assimilator  
  27  3:52  Assimilator  
  27  3:54  Probe (Chrono Boost)  
  28  4:05  Probe (Chrono Boost)  
  28  4:06  Gateway  
  28  4:09  Gateway  
  29  4:13  Probe (Chrono Boost)  
  29  4:15  Probe (Chrono Boost)  
  31  4:23  Probe (Chrono Boost)  
  32  4:27  Robotics Facility  
  30  4:46  Probe x2 (Chrono Boost)  
  32  4:57  Probe x2 (Chrono Boost)  
  34  5:02  Pylon  
  34  5:07  Probe (Chrono Boost)  
  34  5:08  Probe (Chrono Boost)  
  34  5:18  Probe x2 (Chrono Boost)  
  34  5:19  Adept  
  34  5:20  Adept  
  40  5:23  Observer  
  42  5:28  Probe (Chrono Boost)  
  42  5:29  Probe (Chrono Boost)  
  39  5:50  Warp Prism  
  39  5:56  Probe (Chrono Boost)  
  43  5:57  Probe (Chrono Boost)  
  43  5:59  Stargate  
  43  6:01  Stargate  
  43  6:07  Probe x2 (Chrono Boost)  
  45  6:11  Adept x4  
  47  6:28  Protoss Ground Weapons Level 1  
  47  6:29  Probe x2 (Chrono Boost)  
  47  6:30  Pylon  
  47  6:32  Pylon  
  46  6:40  Probe x2 (Chrono Boost)  
  37  7:09  Mothership Core (Chrono Boost)  
  37  7:14  Pylon  
  37  7:15  Probe (Chrono Boost)  
  38  7:18  Pylon  
  38  7:25  Probe (Chrono Boost)  
  38  7:36  Void Ray x2  
  42  7:40  Stalker x4  
  42  7:43  Protoss Air Weapons Level 1  
  54  7:47  Probe (Chrono Boost)  
  54  7:48  Probe (Chrono Boost)  
  56  7:58  Probe x2 (Chrono Boost)  
  58  8:06  Stalker  
  58  8:07  Stalker x2  
  58  8:08  Probe (Chrono Boost)  
  58  8:11  Probe (Chrono Boost)  
  66  8:19  Probe (Chrono Boost)  
  67  8:24  Zealot  
  44  8:35  Zealot x2  
  44  8:36  Zealot  
  44  8:53  Phoenix  
  44  9:00  Probe (Chrono Boost)  
  45  9:04  Probe (Chrono Boost)  
  46  9:14  Probe (Chrono Boost)  
  46  9:16  Probe (Chrono Boost)  
  48  9:29  Stalker  
  50  9:45  Probe x2 (Chrono Boost)  
  52  9:55  Probe (Chrono Boost)  
  52  9:56  Probe (Chrono Boost)  
  46  10:06  Probe (Chrono Boost)  
  41  10:15  Phoenix x2  
  41  10:17  Probe (Chrono Boost)  
  41  10:19  Probe (Chrono Boost)  
  47  10:34  Zealot x2  
Show
View Real Time Build Order
Export as new Build Order

MasteroP Zerg 

Build Orders: Pool First 

Get SALT Encoding   

  12  0:02  Drone  
  13  0:11  Drone  
  14  0:16  Overlord  
  14  0:35  Drone x2  
  16  0:40  Drone  
  18  0:50  Drone, Spawning Pool  
  17  0:58  Drone  
  18  1:07  Drone  
  19  1:22  Drone  
  20  1:26  Hatchery, Extractor  
  20  1:27  Extractor  
  20  1:29  Drone  
  18  1:44  Drone  
  19  1:50  Queen  
  20  2:08  Zergling x4  
  16  2:38  Zergling x2  
  16  2:39  Zergling x6  
  20  2:55  Zergling x4  
  20  3:21  Drone x7  
  20  3:25  Overlord  
  27  3:52  Drone x2  
  27  3:53  Drone x3  
  32  4:05  Queen  
  32  4:08  Overlord  
  32  4:09  Overlord  
  34  4:25  Overlord  
  34  4:29  Extractor  
  34  4:30  Drone x3  
  34  4:31  Drone, Extractor  
  36  4:50  Drone x2  
  36  4:51  Drone x3  
  35  5:21  Lair  
  35  5:26  Roach Warren  
  34  5:53  Zergling x6  
  34  5:54  Zergling x8  
  41  6:03  Zergling x4  
  44  6:04  Zergling x10  
  48  6:13  Zergling x2  
  49  6:34  Metabolic Boost  
  49  6:36  Zergling x2  
  50  6:49  Spore Crawler  
  50  6:51  Spore Crawler  
  50  6:52  Spore Crawler  
  47  6:55  Spore Crawler x2  
  47  6:57  Spore Crawler  
  44  7:02  Zergling x6  
  44  7:03  Zergling x18  
  44  7:04  Zergling x4  
  47  7:26  Hydralisk Den  
  46  7:58  Hydralisk x6  
  50  8:01  Muscular Augments  
  50  8:02  Overlord x3  
  58  8:17  Overlord x5  
  57  8:44  Hydralisk x5  
  67  9:06  Hydralisk  
  67  9:07  Hydralisk x2  
  73  9:42  Drone x7  
  80  9:48  Drone x2  
  80  10:08  Hydralisk x2  
  76  10:28  Hydralisk x3  
  76  10:29  Hydralisk  
Show
View Real Time Build Order
Export as new Build Order

Xtreme Zerg 

Build Orders: Hatch First 

Get SALT Encoding   

  12  0:00  Drone  
  13  0:12  Overlord  
  13  0:17  Drone  
  14  0:30  Drone x2  
  14  0:34  Drone  
  17  0:54  Hatchery  
  16  0:57  Drone  
  16  1:00  Drone  
  18  1:07  Drone  
  19  1:17  Drone  
  20  1:19  Extractor  
  20  1:22  Spawning Pool  
  18  1:28  Overlord  
  18  1:46  Drone  
  19  1:55  Drone  
  20  2:01  Drone  
  20  2:07  Drone  
  22  2:09  Queen x2  
  22  2:11  Drone  
  27  2:19  Drone  
  27  2:20  Metabolic Boost  
  28  2:24  Drone  
  29  2:30  Drone  
  29  2:35  Drone  
  31  2:40  Overlord  
  31  2:43  Drone  
  32  2:49  Drone  
  33  2:56  Drone  
  34  3:03  Drone  
  35  3:05  Drone  
  35  3:11  Drone  
  37  3:14  Lair  
  37  3:15  Extractor  
  37  3:17  Extractor  
  37  3:18  Drone, Extractor  
  37  3:19  Drone x6  
  41  3:25  Drone  
  42  3:29  Overlord  
  42  3:44  Hatchery  
  42  3:48  Drone x3  
  44  3:50  Drone x3  
  47  3:57  Drone  
  48  4:03  Zergling x8  
  48  4:09  Overlord  
  52  4:14  Spire  
  52  4:16  Drone  
  52  4:21  Overlord  
  52  4:28  Zergling x14  
  58  4:43  Drone x2  
  58  4:45  Drone, Extractor  
  59  4:50  Overlord, Extractor  
  59  4:55  Overlord  
  59  4:56  Queen  
  59  4:57  Drone x3  
  59  4:58  Drone x2  
  66  5:01  Overlord  
  63  5:23  Drone x6  
  69  5:29  Mutalisk x4  
  69  5:31  Mutalisk  
  79  5:38  Mutalisk  
  80  5:44  Zerg Flyer Weapons Level 1  
  80  5:48  Drone x5  
  84  5:58  Mutalisk x2  
  84  5:59  Mutalisk  
  86  6:08  Drone  
  86  6:09  Drone x3  
  86  6:11  Overlord x2  
  90  6:18  Hatchery  
  88  6:26  Overlord x2  
  88  6:28  Mutalisk x4  
  88  6:30  Mutalisk  
  88  6:31  Mutalisk x2  
  102  6:34  Overseer  
  102  6:39  Drone x2  
  100  7:03  Mutalisk  
  100  7:04  Mutalisk x7  
  114  7:33  Mutalisk  
  114  7:34  Mutalisk x4  
  120  7:49  Overlord  
  120  7:51  Mutalisk x3  
  126  8:01  Zerg Flyer Weapons Level 2  
  126  8:06  Queen  
  126  8:12  Overseer  
  128  8:13  Pneumatized Carapace  
  126  8:30  Hatchery  
  125  8:40  Hatchery  
  119  8:53  Drone x3  
  119  8:54  Mutalisk x3  
  128  8:57  Overlord x3  
  128  9:09  Overlord x4  
  128  9:15  Hatchery  
  128  9:20  Queen  
  128  9:22  Overseer  
  130  9:29  Mutalisk  
  130  9:30  Mutalisk x8  
  134  10:11  Infestation Pit  
  133  10:15  Queen  
  135  10:28  Infestation Pit  
  135  10:34  Spire  
Show
View Real Time Build Order
Export as new Build Order

Dartveder Protoss 

Build Orders:  

Get SALT Encoding   

  12  0:01  Probe (Chrono Boost)  
  13  0:12  Probe (Chrono Boost)  
  14  0:19  Pylon  
  14  0:22  Probe (Chrono Boost)  
  15  0:37  Probe (Chrono Boost)  
  15  0:39  Forge  
  16  0:48  Probe (Chrono Boost)  
  17  1:02  Probe (Chrono Boost)  
  18  1:24  Pylon  
  18  1:31  Pylon  
  18  1:50  Photon Cannon  
  18  1:53  Photon Cannon  
  18  2:12  Gateway  
  18  2:13  Gateway  
  18  2:26  Nexus  
  18  2:27  Assimilator  
  18  2:41  Probe (Chrono Boost)  
  19  2:52  Probe (Chrono Boost)  
  19  2:57  Assimilator  
  20  3:01  Cybernetics Core  
  20  3:02  Probe (Chrono Boost)  
  21  3:13  Probe (Chrono Boost)  
  22  3:23  Probe (Chrono Boost)  
  23  3:34  Probe (Chrono Boost)  
  24  3:37  Warp Gate (Chrono Boost)  
  24  3:40  Probe  
  25  3:48  Gateway  
  25  3:49  Gateway  
  25  3:50  Probe, Protoss Ground Weapons Level 1 (Chrono Boost)  
  26  3:57  Mothership Core  
  26  4:01  Probe  
  29  4:11  Probe  
  30  4:17  Pylon  
  30  4:18  Probe  
  30  4:22  Probe  
  32  4:31  Probe  
  33  4:32  Probe  
  34  4:40  Stalker  
  34  4:41  Stalker  
  34  4:43  Probe x2  
  40  4:51  Pylon  
  40  4:53  Probe  
  40  4:55  Probe  
  42  5:07  Probe  
  42  5:09  Probe, Twilight Council  
  42  5:13  Assimilator  
  44  5:17  Assimilator  
  44  5:18  Probe  
  44  5:21  Probe  
  46  5:33  Robotics Facility  
  46  5:34  Protoss Ground Armor Level 1 (Chrono Boost)  
  46  5:36  Probe  
  46  5:37  Probe  
  48  5:46  Probe  
  48  5:49  Probe  
  50  6:08  Blink (Chrono Boost)  
  50  6:16  Stalker x4  
  50  6:17  Nexus  
  58  6:20  Pylon  
  58  6:23  Pylon  
  58  6:24  Robotics Bay  
  58  6:28  Probe x2  
  60  6:38  Observer  
  61  6:40  Probe x2  
  63  6:48  Stalker x3  
  63  6:49  Stalker  
  71  6:58  Probe x2  
  71  6:59  Warp Prism  
  75  7:09  Assimilator  
  75  7:13  Assimilator  
  75  7:14  Probe x2  
  77  7:22  Pylon  
  77  7:25  Pylon  
  77  7:26  Probe  
  77  7:28  Pylon  
  77  7:29  Probe  
  79  7:31  Pylon  
  79  7:36  Probe  
  79  7:38  Probe  
  79  7:41  Probe  
  79  7:44  Disruptor  
  82  7:46  Probe  
  86  8:19  Disruptor  
  86  8:21  Stalker x2  
  86  8:22  Stalker x2  
  97  8:55  Disruptor  
  100  9:22  Nexus  
  100  9:23  Pylon  
  100  9:24  Stalker x4  
  102  9:26  Pylon  
  102  9:29  Assimilator  
  108  9:34  Disruptor, Assimilator  
  108  9:35  Gateway  
  108  9:36  Gateway  
  108  9:38  Gateway  
  111  9:40  Gateway  
  111  9:41  Gateway  
  111  9:47  Gateway x2  
  111  9:50  Gateway  
  111  10:06  Pylon  
  111  10:08  Pylon  
  111  10:10  Disruptor  
  114  10:21  Stalker  
  114  10:22  Stalker x3  
Show
View Real Time Build Order
Export as new Build Order

CoolBreeze Terran 

Build Orders:  

Get SALT Encoding   

  12  0:00  SCV  
  13  0:13  SCV  
  14  0:17  Supply Depot  
  14  0:25  SCV  
  15  0:53  SCV  
  15  0:55  Barracks  
  15  0:56  Barracks  
  16  1:05  SCV  
  17  1:17  SCV  
  18  1:19  Supply Depot  
  18  1:29  SCV  
  19  1:41  Orbital Command  
  19  1:42  Marine  
  19  1:43  Marine  
  21  1:55  Bunker  
  21  2:00  Marine x2  
  23  2:18  Marine x2  
  24  2:26  Bunker  
  24  2:35  Marine  
  24  2:36  Marine  
  25  2:46  Bunker  
  25  2:53  Marine  
  25  2:54  Marine  
  26  3:04  Bunker  
  27  3:16  Command Center  
  18  3:41  Barracks  
  18  3:42  Barracks x2  
  18  3:43  Barracks  
  18  3:44  Barracks  
  18  3:45  SCV  
  18  3:47  Barracks  
  19  3:58  SCV  
  20  4:03  Supply Depot  
  20  4:10  SCV  
  21  4:22  SCV  
  21  4:23  Supply Depot  
  22  4:28  Orbital Command  
  22  4:31  Marine x2  
  23  4:33  Marine  
  23  4:34  Marine  
  23  4:35  Marine  
  23  4:36  Marine  
  28  4:39  Marine  
  28  4:40  Marine  
  30  4:48  Marine  
  30  4:49  Marine  
  30  4:51  Marine  
  30  4:52  Marine  
  34  4:53  Bunker, Marine  
  34  4:55  Marine  
  36  5:00  Marine x2  
  38  5:09  Marine x3  
  41  5:20  Marine  
  41  5:21  Marine  
  43  5:28  Supply Depot  
  43  5:32  Marine x2  
  43  5:33  Refinery, Marine  
  43  5:34  Refinery, Orbital Command  
  46  5:36  Marine  
  46  5:37  Marine x2  
  46  5:41  Marine x2  
  51  5:50  Marine x3  
  53  6:00  Marine x3  
  53  6:01  SCV  
  56  6:09  SCV  
  52  6:16  Marine x3  
  50  6:22  Marine  
  42  6:26  Marine x4  
  46  6:33  SCV x2, Marine  
  46  6:36  Marine  
  50  6:45  SCV x2  
  56  6:55  Barracks Tech Lab  
  56  6:56  Barracks Tech Lab  
  56  6:58  Barracks Reactor x2  
  56  7:00  Barracks Reactor  
  53  7:03  Barracks Reactor x2  
  52  7:09  Barracks Reactor  
  52  7:10  SCV  
  52  7:11  SCV  
  52  7:13  Refinery x2  
  43  7:23  SCV  
  43  7:29  Marine x2  
  45  7:31  Stimpack  
  45  7:34  SCV  
  45  7:35  SCV  
  48  7:46  SCV  
  48  7:47  SCV  
  48  7:49  Command Center  
  48  7:51  Combat Shields, Marauder x2, Marine  
  55  7:52  Marine  
  55  7:53  Marine x3  
  55  7:56  Marine  
  61  7:58  SCV  
  61  7:59  SCV  
  61  8:00  Marine x2  
  61  8:04  Marine  
  65  8:10  Marine x2  
  67  8:16  Marine  
  67  8:17  Marine x2  
  70  8:25  Supply Depot  
  70  8:30  Supply Depot  
  70  8:40  Marauder, Marine x3  
  75  8:43  Marine x2  
  75  8:45  Supply Depot  
  75  8:46  SCV  
  78  8:48  SCV  
  78  8:54  Marine x2  
  81  9:00  Supply Depot  
  81  9:05  Orbital Command  
  81  9:07  Marine  
  82  9:10  Marine  
  82  9:12  Marine  
  82  9:14  Concussive Shells  
  84  9:23  Marine  
  84  9:24  Marauder, Marine  
  88  9:25  Marine  
  89  9:33  Factory  
  89  9:36  Orbital Command  
  88  9:48  Marine x4  
  88  9:49  Marauder x2  
  96  9:54  Marine x2  
  96  9:58  Marine  
  96  9:59  Marine  
  99  10:06  Engineering Bay  
  98  10:16  Engineering Bay  
  98  10:19  Factory Reactor  
  98  10:25  Starport  
  98  10:28  SCV, Starport  
  98  10:29  SCV  
  98  10:32  Marine  
Tags
 
Add a new tag
Caveats
  • Supply blocks, unpowered buildings, or Contaminate may cause inaccurate times.
  • Supply counts are checked every 10 seconds.